[Event "Titled Tuesday Blitz April 19 Early 2022"]
[White "Martic, Ivan"]
[Black "Karolczuk, Iwo"]
[WhiteFideId "929301"]
[BlackFideId "21816972"]
[WhiteElo "2317"]
[BlackElo "2277"]
[Result "1-0"]
[Round "11"]
[TimeControl "180+1"]
[Date "2022.04.19"]
[WhiteClock "0:00:17"]
[BlackClock "0:00:10"]

1. c4 e5 2. Nc3 Nf6 3. g3 Bb4 4. Bg2 O-O 5. Nf3 Bxc3 6. bxc3 Nc6 7. O-O Re8 8. d3 h6 9. e4 d6 10. Nh4 Nd7 11. Nf5 Nc5 12. Be3 Bxf5 13. exf5 Qf6 14. g4 e4 15. d4 Nd3 16. h3 Na5 17. Bxe4 Nb2 18. Qf3 Nbxc4 19. Bf4 c6 20. Rae1 d5 21. Bd3 g5 22. Bc1 Qd6 23. f6 Qd7 24. h4 Nd6 25. hxg5 Ne4 26. gxh6 Kh8 27. Bxe4 dxe4 28. Rxe4 Rxe4 29. Qxe4 Rg8 30. f3 Nc4 31. h7 Re8 32. Qd3 Qd6 33. Kg2 Qxf6 34. Qxc4 Kxh7 35. Rh1+ Kg7 36. Qd3 Qd6 37. Qh7+ Kf8 38. Qh8+ Ke7 39. Re1+ 1-0


[Site "https://www.chess.com"]

[Event "Titled Tuesday Blitz April 19 Early 2022"]
[White "Matlakov, Maxim"]
[Black "Nazari, Arad"]
[WhiteFideId "4168003"]
[BlackFideId "12577324"]
[WhiteElo "2669"]
[BlackElo "2129"]
[Result "1-0"]
[Round "11"]
[TimeControl "180+1"]
[Date "2022.04.19"]
[WhiteClock "0:00:01"]
[BlackClock "0:00:02"]

1. d4 Nf6 2. g4 Nxg4 3. e4 d6 4. Nc3 e5 5. Nh3 exd4 6. Qxd4 Nc6 7. Bb5 Ne5 8. Qe3 Qh4 9. Nf4 Bd7 10. Bd2 Bg4 11. Be2 Bxe2 12. Ncxe2 g6 13. O-O-O O-O-O 14. Nd5 Nc4 15. Qb3 Nxd2 16. Rxd2 Qxe4 17. Rhd1 Bh6 18. Qh3+ Kb8 19. Qxh6 Ne5 20. Nec3 Qc4 21. Rd4 Qa6 22. Ra4 Qc6 23. Qe3 a6 24. b4 Nc4 25. Qd4 b5 26. Nxb5 Nb6 27. Nxb6 Qxb5 28. Ra5 Qxb6 29. Qc4 Kb7 30. Rd3 Rhe8 31. Rda3 Re1+ 32. Kb2 Ra8 33. b5 Re5 34. Ka1 Rxb5 35. Rxb5 axb5 36. Qe4+ d5 37. Qxd5+ c6 38. Qxf7+ Kb8 39. Qg8+ Kc7 40. Qxh7+ Kd6 41. Qxg6+ Kc7 42. Qf7+ Kb8 43. Qe8+ Kc7 44. Qe7+ Kb8 45. Qe8+ Kc7 46. Qf7+ Kb8 47. Qf8+ Kc7 48. Qf4+ Kb7 49. Rd3 Rb8 50. Qf7+ 1-0


[Site "https://www.chess.com"]

[Event "Titled Tuesday Blitz April 19 Early 2022"]
[White "Mayaud, Raphael"]
[Black "Piliczewski, Bogusz"]
[WhiteFideId "627151"]
[BlackFideId "1104144"]
[WhiteElo "2191"]
[BlackElo "1896"]
[Result "1-0"]
[Round "11"]
[TimeControl "180+1"]
[Date "2022.04.19"]
[WhiteClock "0:02:14"]
[BlackClock "0:00:53"]

1. d4 d5 2. c4 c6 3. Nf3 Nf6 4. Nc3 e6 5. Bg5 Nbd7 6. e3 Qa5 7. Bxf6 Nxf6 8. Bd3 Bb4 9. Qc2 dxc4 10. Bxc4 Nd5 11. Rc1 b5 12. Bb3 Qb6 13. O-O O-O 14. Ne4 Bb7 15. Nfg5 h6 16. Bxd5 hxg5 17. Nxg5 g6 18. Bxe6 Qc7 19. Qxg6+ 1-0


[Site "https://www.chess.com"]

[Event "Titled Tuesday Blitz April 19 Early 2022"]
[White "Mikhailovsky, Vladimir"]
[Black "Tologon tegin, Semetei"]
[WhiteFideId "34105414"]
[BlackFideId "13800574"]
[WhiteElo "2349"]
[BlackElo "2258"]
[Result "1-0"]
[Round "11"]
[TimeControl "180+1"]
[Date "2022.04.19"]
[WhiteClock "0:00:19"]
[BlackClock "0:00:30"]

1. e4 e5 2. Nf3 Nc6 3. Bc4 Bc5 4. d3 Nf6 5. Bg5 h6 6. Bh4 d6 7. a4 a6 8. c3 Ba7 9. O-O Qe7 10. b4 g5 11. Bg3 Nd7 12. d4 Nf8 13. b5 Na5 14. Ba2 Ng6 15. Nbd2 g4 16. Ne1 h5 17. f4 exd4 18. Bf2 dxc3 19. Nc4 Nxc4 20. Bxc4 Bxf2+ 21. Rxf2 axb5 22. Bxb5+ c6 23. Bc4 h4 24. Qd4 g3 25. Rf1 gxh2+ 26. Kxh2 Rg8 27. Nd3 Nf8 28. f5 Nd7 29. f6 Qf8 30. e5 Kd8 31. exd6 Ra5 32. Rae1 Rag5 33. Rf2 h3 34. gxh3 Qh6 35. Qe3 1-0


[Site "https://www.chess.com"]

[Event "Titled Tuesday Blitz April 19 Early 2022"]
[White "Mirzoev, Azer"]
[Black "Costachi, Mihnea"]
[WhiteFideId "13400304"]
[BlackFideId "1217518"]
[WhiteElo "2525"]
[BlackElo "2476"]
[Result "1/2-1/2"]
[Round "11"]
[TimeControl "180+1"]
[Date "2022.04.19"]
[WhiteClock "0:00:10"]
[BlackClock "0:00:50"]

1. d4 Nf6 2. Nf3 g6 3. Bf4 Bg7 4. e3 O-O 5. h3 d6 6. Bh2 c5 7. c3 Be6 8. Nbd2 Qb6 9. Qc1 Nc6 10. Be2 Rac8 11. O-O Nd7 12. Qb1 cxd4 13. exd4 Nf6 14. Re1 Bf5 15. Nc4 Qc7 16. Qd1 b5 17. Ne3 Bd7 18. Bxb5 Rb8 19. Bxc6 Bxc6 20. d5 Bd7 21. Qc2 Qa5 22. c4 Rfc8 23. b3 Nxd5 24. Nxd5 Qxd5 25. Rad1 Qh5 26. Rxe7 Bxh3 27. Bxd6 Re8 28. Bxb8 Rxe7 29. Rd8+ Bf8 30. Bd6 Qg4 31. Rxf8+ Kxf8 32. Bxe7+ Kxe7 33. Qe2+ Kf8 34. Qf1 Qf4 35. Qd3 Bf5 36. Qd8+ Kg7 37. Qd4+ Qxd4 38. Nxd4 Bb1 39. a4 Kf6 40. a5 a6 41. f4 g5 42. fxg5+ Kxg5 43. Kf2 Kf4 44. Nc6 Ba2 45. Nb4 Bxb3 46. Nxa6 Bxc4 47. Nc7 h5 48. a6 Bxa6 49. Nxa6 h4 50. Nc5 Kg4 51. Nd3 h3 52. Ne5+ Kf5 53. Nf3 hxg2 54. Kxg2 Kg4 55. Ne5+ Kf4 56. Nxf7 1/2-1/2


[Site "https://www.chess.com"]

[Event "Titled Tuesday Blitz April 19 Early 2022"]
[White "Miszler, Levente"]
[Black "Murthy, Pappu"]
[WhiteFideId "763276"]
[BlackFideId "2013401"]
[WhiteElo "1966"]
[BlackElo "1964"]
[Result "0-1"]
[Round "11"]
[TimeControl "180+1"]
[Date "2022.04.19"]
[WhiteClock "0:00:02"]
[BlackClock "0:00:11"]

1. Nf3 c5 2. c4 Nc6 3. Nc3 g6 4. d4 cxd4 5. Nxd4 Bg7 6. Nxc6 bxc6 7. g3 Nf6 8. Bg2 O-O 9. O-O Rb8 10. e4 Ba6 11. Qa4 Qc8 12. Rd1 d6 13. e5 dxe5 14. Bxc6 Bb7 15. Bxb7 Qxb7 16. b3 e4 17. Bb2 e3 18. fxe3 Qf3 19. Qxa7 e6 20. Rf1 Qh5 21. Rf2 Ng4 22. Rd2 Ra8 23. Qc7 Nxe3 24. Re1 Qf3 25. Qf4 Qxf4 26. gxf4 Nf5 27. Na4 Bxb2 28. Rxb2 Rfd8 29. Kf2 Rab8 30. Nc3 Rd3 31. Ne4 Nd4 32. Rd2 Rxd2+ 33. Nxd2 Ra8 34. a4 Kg7 35. Re4 Nc6 36. c5 Rb8 37. Rc4 Na5 38. Rc3 Nc6 39. Ke3 f5 40. Nc4 Kf6 41. Nd6 h6 42. Nb5 g5 43. fxg5+ hxg5 44. Nd4 f4+ 45. Kd3 Rd8 46. Rc4 e5 47. Ke4 exd4 0-1


[Site "https://www.chess.com"]

[Event "Titled Tuesday Blitz April 19 Early 2022"]
[White "Nakamura, Hikaru"]
[Black "Le, Tuan Minh"]
[WhiteFideId "2016192"]
[BlackFideId "12401153"]
[WhiteElo "2850"]
[BlackElo "2450"]
[Result "1-0"]
[Round "11"]
[TimeControl "180+1"]
[Date "2022.04.19"]
[WhiteClock "0:00:31"]
[BlackClock "0:00:03"]

1. e4 c5 2. Nf3 Nf6 3. e5 Nd5 4. c3 Nc6 5. Bc4 Nb6 6. Bb3 d5 7. exd6 c4 8. Bc2 Qxd6 9. h3 Qe6+ 10. Kf1 g6 11. b3 Bg7 12. Na3 cxb3 13. axb3 O-O 14. Qe2 Qd7 15. d4 Re8 16. Nc4 Nxc4 17. bxc4 e5 18. d5 e4 19. Nd2 Bxc3 20. dxc6 bxc6 21. Ra3 Bb4 22. Rb3 Bxd2 23. Bxd2 Ba6 24. Bc3 Qe6 25. Rb4 c5 26. Ra4 Rad8 27. Kg1 e3 28. Kh2 Qd6+ 29. g3 Bb7 30. f3 h5 31. h4 Qc6 32. Rf1 Rd6 33. Ra2 Qd7 34. Ba4 Bc6 35. Bxc6 Rxc6 36. Rd1 Qe6 37. Rxa7 Rb6 38. Ra3 Reb8 39. Ba1 Re8 40. Rxe3 1-0


[Site "https://www.chess.com"]

[Event "Titled Tuesday Blitz April 19 Early 2022"]
[White "Nareks, Matic"]
[Black "Melikhov, Evgeny V."]
[WhiteFideId "14629526"]
[BlackFideId "4122046"]
[WhiteElo "2147"]
[BlackElo "1931"]
[Result "1-0"]
[Round "11"]
[TimeControl "180+1"]
[Date "2022.04.19"]
[WhiteClock "0:01:00"]
[BlackClock "0:00:15"]

1. e4 e5 2. Nf3 Nc6 3. Bc4 Nf6 4. d4 exd4 5. e5 d5 6. Bb5 Ne4 7. Nxd4 Bd7 8. Bxc6 bxc6 9. O-O Bc5 10. f3 Ng5 11. f4 Ne4 12. Be3 Bb6 13. Nd2 c5 14. N4f3 Nxd2 15. Qxd2 Bc6 16. Rad1 d4 17. Qe2 Qd5 18. Bf2 O-O-O 19. b3 Qe4 20. Qd2 g5 21. fxg5 h6 22. gxh6 Rdg8 23. Bg3 c4 24. Kh1 Rxg3 25. hxg3 Qg6 26. Nh4 Qxg3 27. Qf4 Qh3+ 28. Kg1 d3+ 29. Rf2 dxc2 30. Rc1 Qd3 31. Qf5+ Kb8 32. Rxc2 Rg8 33. Qxd3 cxd3 34. Rxc6 d2 35. Rxb6+ axb6 36. Rxd2 Rh8 37. Nf5 1-0


[Site "https://www.chess.com"]

[Event "Titled Tuesday Blitz April 19 Early 2022"]
[White "Ning, Kaiyu"]
[Black "Chigaev, Maksim"]
[WhiteFideId "8614750"]
[BlackFideId "4108116"]
[WhiteElo "2013"]
[BlackElo "2478"]
[Result "1-0"]
[Round "11"]
[TimeControl "180+1"]
[Date "2022.04.19"]
[WhiteClock "0:00:23"]
[BlackClock "0:00:46"]

1. d4 Nf6 2. c4 g6 3. Nc3 d5 4. cxd5 Nxd5 5. e4 Nxc3 6. bxc3 Bg7 7. Nf3 c5 8. Be3 Bg4 9. Rb1 Bxf3 10. gxf3 O-O 11. Rxb7 Nc6 12. Bb5 cxd4 13. Bxc6 dxe3 14. Rd7 Qa5 15. Bxa8 Rxa8 16. fxe3 Bxc3+ 17. Kf2 Rb8 18. Qd5 Rb2+ 19. Kg3 Rb5 20. Qa8+ Kg7 21. h4 Qxa2 22. Rd8 Qe2 23. Rg8+ Kh6 24. Qf8+ Kh5 25. Qxf7 1-0


[Site "https://www.chess.com"]

[Event "Titled Tuesday Blitz April 19 Early 2022"]
[White "Nogerbek, Kazybek"]
[Black "Karavade, Eesha"]
[WhiteFideId "13710427"]
[BlackFideId "5012600"]
[WhiteElo "2816"]
[BlackElo "2520"]
[Result "0-1"]
[Round "11"]
[TimeControl "180+1"]
[Date "2022.04.19"]
[WhiteClock "0:01:45"]
[BlackClock "0:01:13"]

1. e4 c5 2. Nf3 d6 3. d4 cxd4 4. Nxd4 Nf6 5. Nc3 a6 6. g3 e5 7. Nb3 Be7 8. Bg5 Be6 9. Bxf6 Bxf6 10. Nd5 O-O 11. a4 Bxd5 12. Qxd5 Qc7 13. c3 Nd7 14. a5 Be7 15. Bc4 Rac8 16. Ra4 Nf6 17. Qd3 Qc6 18. Rb4 Rfd8 19. Rb6 Qc7 20. Bd5 Nxd5 21. Qxd5 Qc4 22. Qxb7 d5 23. Qxe7 Qxe4+ 24. Kd2 Qxh1 25. Rb7 Rf8 26. Nc5 Qxh2 27. Ne6 Qxf2+ 28. Kc1 Rce8 0-1


[Site "https://www.chess.com"]

[Event "Titled Tuesday Blitz April 19 Early 2022"]
[White "Nozdrachev, Leonid"]
[Black "Jakubowski, Krzysztof"]
[WhiteFideId "24113433"]
[BlackFideId "1112848"]
[WhiteElo "2242"]
[BlackElo "2365"]
[Result "0-1"]
[Round "11"]
[TimeControl "180+1"]
[Date "2022.04.19"]
[WhiteClock "0:00:15"]
[BlackClock "0:00:31"]

1. e4 c5 2. c3 Nf6 3. e5 Nd5 4. Nf3 e6 5. d4 cxd4 6. cxd4 d6 7. a3 Nc6 8. Bd3 dxe5 9. dxe5 Be7 10. O-O Bd7 11. Qc2 Rc8 12. Nc3 Nxc3 13. bxc3 Na5 14. Bxh7 Bb5 15. Rd1 Qc7 16. Be4 b6 17. a4 Bc4 18. Re1 Bb3 19. Qe2 Bc4 20. Qe3 Nb3 21. Rb1 Nc5 22. Bc2 Bd5 23. Nd4 Qd7 24. Qg3 Bf8 25. Ba3 Nxa4 26. Bxf8 Kxf8 27. Bxa4 Qxa4 28. Ra1 Qd7 29. h3 Rh6 30. Qf4 Rg6 31. g3 Rxc3 32. Rec1 Rc5 33. Qe3 Kg8 34. Ne2 Ba8 35. Nf4 Qc6 36. Kh2 Rg5 37. Rxc5 bxc5 38. Rxa7 Qh1# 0-1


[Site "https://www.chess.com"]

[Event "Titled Tuesday Blitz April 19 Early 2022"]
[White "Nugumanov, Bakhtiyar"]
[Black "Thomas, Anysia"]
[WhiteFideId "13701797"]
[BlackFideId "670472"]
[WhiteElo "2262"]
[BlackElo "2002"]
[Result "0-1"]
[Round "11"]
[TimeControl "180+1"]
[Date "2022.04.19"]
[WhiteClock "0:00:03"]
[BlackClock "0:00:19"]

1. Nf3 c5 2. c4 g6 3. e4 Bg7 4. d4 cxd4 5. Nxd4 Nc6 6. Be3 Nf6 7. Nc3 d6 8. Be2 Nxd4 9. Bxd4 O-O 10. O-O Qa5 11. a3 Be6 12. b4 Qc7 13. Rc1 Bxc4 14. Bxc4 Qxc4 15. Nd5 Qa2 16. Nxe7+ Kh8 17. Qf3 Qe6 18. Bxf6 Bxf6 19. Nd5 Bd8 20. Rfd1 a5 21. Nf4 Qf6 22. Qg3 axb4 23. axb4 Ra2 24. Rd3 Bb6 25. Rf3 Qb2 26. Rd1 Ra1 27. Rd3 Qb3 0-1


[Site "https://www.chess.com"]

[Event "Titled Tuesday Blitz April 19 Early 2022"]
[White "Oganian, Miran"]
[Black "Jaracz, Pawel"]
[WhiteFideId "4122488"]
[BlackFideId "1102222"]
[WhiteElo "2357"]
[BlackElo "2429"]
[Result "1-0"]
[Round "11"]
[TimeControl "180+1"]
[Date "2022.04.19"]
[WhiteClock "0:00:06"]
[BlackClock "0:00:04"]

1. e4 c5 2. Nf3 Nc6 3. c3 Nf6 4. e5 Nd5 5. d4 cxd4 6. cxd4 d6 7. Bc4 Nb6 8. Bb3 d5 9. Nh4 e6 10. Nf3 Be7 11. Nc3 Bd7 12. Be3 Na5 13. Nd2 Rc8 14. Qg4 Kf8 15. h4 Nxb3 16. axb3 a6 17. Rh3 h5 18. Qf4 f6 19. Nf3 Be8 20. Rg3 Bf7 21. Kf1 Nd7 22. Kg1 Qb6 23. Re1 Qxb3 24. Bc1 Qc2 25. Nh2 b5 26. Rge3 fxe5 27. dxe5 Rc4 28. Qf3 Nb6 29. Ne2 Qf5 30. Qxf5 exf5 31. e6 Be8 32. Rf3 g6 33. b3 Rxh4 34. Bb2 Rh6 35. Bd4 Nc8 36. Nf4 g5 37. g3 Rg4 38. Nxg4 hxg4 39. Rc3 gxf4 40. Rxc8 fxg3 41. fxg3 Bd6 42. e7+ Kf7 43. Kg2 b4 44. Bc5 Bxc5 45. Rxc5 Rd6 46. Rc8 d4 47. Rh1 Bc6+ 48. Kf2 Kxe7 49. Rh7+ Ke6 50. Rf8 Ke5 51. Rhf7 Be4 52. Ke1 d3 53. Kd2 Rc6 54. Re8+ Kd4 55. Rd7+ Kc5 56. Rb8 a5 57. Ke3 Rd6 58. Ra7 Kd5 59. Rxa5+ Ke6 60. Kd2 Rc6 61. Re8+ Kf7 62. Rae5 Rc2+ 63. Ke3 Re2+ 64. Kf4 Rf2+ 65. Kg5 Bc6 66. R5e7# 1-0


[Site "https://www.chess.com"]

[Event "Titled Tuesday Blitz April 19 Early 2022"]
[White "Omariev, Maksim"]
[Black "Zanette, Edgard Vinicius"]
[WhiteFideId "4193423"]
[BlackFideId "2109263"]
[WhiteElo "2486"]
[BlackElo "2182"]
[Result "1-0"]
[Round "11"]
[TimeControl "180+1"]
[Date "2022.04.19"]
[WhiteClock "0:00:29"]
[BlackClock "0:00:02"]

1. e4 c5 2. Nf3 d6 3. d4 cxd4 4. Nxd4 Nf6 5. Nc3 a6 6. h3 e5 7. Nde2 Be7 8. g4 Be6 9. Bg2 Nc6 10. Be3 b5 11. g5 Nd7 12. h4 Na5 13. b3 Rc8 14. Qd2 b4 15. Nd5 Bxd5 16. exd5 f5 17. gxf6 Nxf6 18. Bh3 Rb8 19. Be6 Qc7 20. O-O-O Ne4 21. Qd3 Nc5 22. Bxc5 Qxc5 23. Ng3 Rf8 24. Ne4 Qb6 25. Rdg1 g6 26. h5 g5 27. h6 Rf4 28. Nxg5 Rxf2 29. Qxh7 Kd8 30. Nf7+ 1-0


[Site "https://www.chess.com"]

[Event "Titled Tuesday Blitz April 19 Early 2022"]
[White "Omelja, Artem"]
[Black "Ajay Krishna, S"]
[WhiteFideId "14119846"]
[BlackFideId "5096430"]
[WhiteElo "2382"]
[BlackElo "2247"]
[Result "1-0"]
[Round "11"]
[TimeControl "180+1"]
[Date "2022.04.19"]
[WhiteClock "0:00:12"]
[BlackClock "0:00:16"]

1. d4 d5 2. c4 e6 3. Nc3 Bb4 4. Nf3 Nf6 5. cxd5 exd5 6. Qa4+ Nc6 7. Bg5 h6 8. Bxf6 Qxf6 9. e3 O-O 10. Bb5 Qg6 11. g3 Qe4 12. Be2 Bg4 13. Qxb4 Nxb4 14. Nxe4 dxe4 15. Ne5 Nc2+ 16. Kd2 Bxe2 17. Kxc2 Ba6 18. Kd2 Rfd8 19. Rac1 f6 20. Ng6 Rd7 21. Nf4 b6 22. b4 Rc8 23. Rc3 c5 24. bxc5 bxc5 25. Rhc1 c4 26. Rb1 Kf7 27. Ne2 Ke6 28. Ra3 c3+ 29. Nxc3 Bd3 30. Rb4 Rdc7 31. Rba4 a6 32. Rb4 Kf5 33. h3 h5 34. Rb2 h4 35. gxh4 Kg6 36. f3 f5 37. Rb6+ Kh5 38. fxe4 fxe4 39. Re6 Kxh4 40. Nxe4 Bf1 41. Nc5 Bxh3 42. Rg6 Kh5 43. Rg3 Bf5 44. e4 Bg4 45. Rxa6 g5 46. e5 Rxc5 47. dxc5 Rxc5 48. e6 Rd5+ 49. Ke3 Re5+ 50. Kd4 Rxe6 51. Rxe6 Bxe6 52. a4 Kh4 53. Rg1 g4 54. Ke4 Bd7 55. a5 g3 56. Kf4 Bc6 57. Rxg3 Ba8 58. Ra3 Kh5 59. a6 Kg6 60. Ke5 Kf7 61. Kd6 Ke8 62. Kc7 Ke7 63. Kb8 Bg2 64. a7 Kd7 65. a8=Q Bxa8 66. Kxa8 Kc6 67. Ka7 Kc7 68. Rc3+ Kd6 69. Kb6 Kd7 70. Rc5 Kd8 71. Kc6 Ke7 72. Rd5 Kf7 73. Kd6 Ke8 74. Re5+ Kf8 75. Ke6 Ke8 76. Rh5 Kd8 77. Rh7 Kc8 78. Kd6 Kb8 79. Kc6 Ka8 80. Kb6 1-0


[Site "https://www.chess.com"]

[Event "Titled Tuesday Blitz April 19 Early 2022"]
[White "Palacio,Igor Da Paz"]
[Black "Fernandez Hernandez, Gerardo"]
[WhiteFideId "2121140"]
[BlackFideId "2207400"]
[WhiteElo "2144"]
[BlackElo "2091"]
[Result "1-0"]
[Round "11"]
[TimeControl "180+1"]
[Date "2022.04.19"]
[WhiteClock "0:00:06"]
[BlackClock "0:00:08"]

1. e4 e6 2. Nc3 d5 3. d3 Nf6 4. Bg5 h6 5. Bxf6 Qxf6 6. exd5 Bb4 7. Ne2 exd5 8. a3 Bc5 9. d4 Bd6 10. Nxd5 Qg5 11. Ndc3 Bf5 12. Nb5 O-O 13. Nxd6 cxd6 14. Qd2 Qg6 15. Nf4 Re8+ 16. Be2 Qg4 17. O-O-O Qg5 18. h4 Qd8 19. Bd3 Bxd3 20. Qxd3 Nc6 21. g3 Rc8 22. Kb1 Qa5 23. g4 b5 24. Qf5 Qd8 25. Nd5 b4 26. axb4 Rb8 27. c3 a5 28. b5 Rxb5 29. Nf6+ Qxf6 30. Qxb5 Ne7 31. Qxe8+ Kh7 32. Rhe1 Qg6+ 33. Ka1 Nd5 34. Qe4 Qxe4 35. Rxe4 Nb6 36. b3 Nc4 37. bxc4 a4 38. c5 a3 39. cxd6 a2 40. d7 Kg6 41. d8=Q f6 42. Qe8+ Kh7 43. h5 f5 44. Qg6+ Kg8 45. Re8# 1-0


[Site "https://www.chess.com"]

[Event "Titled Tuesday Blitz April 19 Early 2022"]
[White "Pesotskiy, Mikhail"]
[Black "Todorovic, Bojan"]
[WhiteFideId "34164453"]
[BlackFideId "917087"]
[WhiteElo "2010"]
[BlackElo "2266"]
[Result "0-1"]
[Round "11"]
[TimeControl "180+1"]
[Date "2022.04.19"]
[WhiteClock "0:00:20"]
[BlackClock "0:00:28"]

1. d4 d5 2. c4 dxc4 3. e3 Nf6 4. Bxc4 e6 5. Nc3 a6 6. a4 c5 7. Nf3 Nc6 8. O-O Be7 9. dxc5 Qxd1 10. Rxd1 Bxc5 11. b3 b6 12. Bb2 Bb7 13. Ng5 Na5 14. Rac1 Nxc4 15. bxc4 Ke7 16. Nf3 Rhd8 17. Nd4 g6 18. Nb3 Bc6 19. Nxc5 bxc5 20. Ba3 Nd7 21. a5 Rab8 22. Rb1 Ke8 23. f4 f5 24. Kf2 Kf7 25. Rd6 Rxb1 26. Nxb1 Rc8 27. Nc3 Ke7 28. Rd2 Rb8 29. Rb2 Rxb2+ 30. Bxb2 Kd6 31. Ba3 Nf6 32. h3 Ne4+ 33. Nxe4+ Bxe4 34. Ke2 Bxg2 35. h4 Be4 36. Kd2 Bc6 37. Kc3 Ba4 38. Kd3 Bd1 39. Kc3 Be2 40. Kb3 h6 41. Kc3 e5 42. fxe5+ Kxe5 43. Bxc5 g5 44. hxg5 hxg5 45. Bd4+ Ke4 46. c5 Bb5 47. Kd2 Kf3 48. Be5 g4 49. Ke1 g3 50. Bf4 g2 51. Bh2 Kxe3 52. Bg1+ Kf3 53. Bh2 f4 54. Bg1 Ke4 55. Kf2 f3 56. Bh2 Bc6 57. Bd6 Kd3 58. Be7 Kc4 59. Bd8 Kd3 60. Bb6 g1=Q+ 0-1


[Site "https://www.chess.com"]

[Event "Titled Tuesday Blitz April 19 Early 2022"]
[White "Petrovic, Aleksa"]
[Black "Yanayt, Eugene"]
[WhiteFideId "967629"]
[BlackFideId "2020165"]
[WhiteElo "2198"]
[BlackElo "2046"]
[Result "1-0"]
[Round "11"]
[TimeControl "180+1"]
[Date "2022.04.19"]
[WhiteClock "0:00:06"]
[BlackClock "0:00:11"]

1. d4 Nf6 2. c4 g6 3. Nc3 Bg7 4. e4 d6 5. Be2 O-O 6. Bg5 Na6 7. Qd2 e5 8. d5 Nc5 9. f3 a5 10. Bd1 Bd7 11. b3 Qe8 12. Nge2 Nh5 13. Bc2 Nf4 14. Nxf4 exf4 15. Bxf4 f5 16. O-O fxe4 17. fxe4 b5 18. Rae1 b4 19. Nd1 a4 20. Qe3 axb3 21. axb3 Ra2 22. Bb1 Ra1 23. Nf2 Ra3 24. Bc2 Be5 25. Bh6 Rf7 26. Nh3 Bg7 27. Bxg7 Kxg7 28. Rxf7+ Qxf7 29. e5 Bxh3 30. gxh3 dxe5 31. Qxc5 Ra2 32. Bb1 Rb2 33. Qe3 Qf6 34. Be4 Qh4 35. Bg2 Rxb3 36. Qxe5+ Kh6 37. Qe4 Qg5 38. h4 Qf6 39. Rf1 Qb6+ 40. Kh1 Re3 41. Qf4+ Kg7 42. Qf8# 1-0


[Site "https://www.chess.com"]

[Event "Titled Tuesday Blitz April 19 Early 2022"]
[White "Petrovskyi, Vadym"]
[Black "Sarana, Alexey"]
[WhiteFideId "14165210"]
[BlackFideId "24133795"]
[WhiteElo "2400"]
[BlackElo "2666"]
[Result "1-0"]
[Round "11"]
[TimeControl "180+1"]
[Date "2022.04.19"]
[WhiteClock "0:00:25"]
[BlackClock "0:00:05"]

1. e4 c5 2. Nf3 d6 3. d4 cxd4 4. Nxd4 Nf6 5. Nc3 a6 6. Be2 e5 7. Nb3 Be7 8. Be3 Be6 9. Nd5 Bxd5 10. exd5 Nbd7 11. O-O O-O 12. Qd2 Rc8 13. Na5 Ne4 14. Qb4 Nec5 15. c4 Qc7 16. Rfd1 f5 17. Qe1 Nf6 18. b4 Na4 19. f3 f4 20. Bf2 e4 21. fxe4 Nxe4 22. Bd4 Rce8 23. Bh5 Bf6 24. Bxe8 Rxe8 25. Bxf6 Nxf6 26. Qd2 Ne4 27. Qd4 Re5 28. Re1 Qe7 29. Nxb7 f3 30. gxf3 Ng5 31. Rxe5 Nxf3+ 32. Kh1 dxe5 33. Qg4 e4 34. Qe6+ Qxe6 35. dxe6 Kf8 36. Nd6 e3 37. e7+ Kxe7 38. Nf5+ Kd7 39. Nxe3 Nc3 40. a4 Ne5 41. b5 Kc7 42. Nd5+ Nxd5 43. cxd5 axb5 44. axb5 Kb6 45. Re1 Ng6 46. d6 Nf8 47. Re7 g6 48. d7 Kc7 49. b6+ Kd8 50. Re8+ Kxd7 51. Rxf8 1-0


[Site "https://www.chess.com"]

[Event "Titled Tuesday Blitz April 19 Early 2022"]
[White "Piesik, Piotr"]
[Black "Donchenko, Alexander"]
[WhiteFideId "1136194"]
[BlackFideId "24603295"]
[WhiteElo "2190"]
[BlackElo "2539"]
[Result "1-0"]
[Round "11"]
[TimeControl "180+1"]
[Date "2022.04.19"]
[WhiteClock "0:00:24"]
[BlackClock "0:00:01"]

1. d4 Nf6 2. c4 g6 3. Nc3 Bg7 4. e4 d6 5. Nf3 O-O 6. Be2 Na6 7. O-O e5 8. d5 Nc5 9. Qc2 a5 10. Bg5 h6 11. Be3 b6 12. Nd2 Ng4 13. Bxg4 Bxg4 14. b3 Bd7 15. a3 f5 16. f3 fxe4 17. Ndxe4 Qh4 18. b4 axb4 19. axb4 Nxe4 20. Qxe4 Qxe4 21. Nxe4 g5 22. h3 Rfb8 23. Kf2 Kf7 24. Ke2 Bf8 25. Kd3 Be7 26. b5 Kg6 27. Ra6 Bc8 28. Raa1 Bb7 29. Bd2 Rxa1 30. Rxa1 Ra8 31. Rxa8 Bxa8 32. Nc3 Bb7 33. Na2 Bc8 34. Nb4 Bf5+ 35. Ke2 Bb1 36. Nc6 Bf6 37. Ke3 Kf5 38. Nb4 h5 39. g4+ Kg6 40. Be1 Be7 41. Nc6 Bf8 42. Nd8 Be7 43. Nc6 Bf6 44. Nb4 h4 45. Bd2 Kf7 46. Na6 Ba2 47. Kd3 Bd8 48. Nb4 Bb3 49. Nc2 Bf6 50. Ne3 Ba4 51. Kc3 e4+ 52. Kb4 exf3 53. Kxa4 Bd4 54. Kb3 Kf6 55. Kc2 f2 56. Nf1 Bc5 57. Kd3 Ba3 58. Be3 Ke5 59. Bxg5 Bb2 60. Bxh4 Bd4 61. Bg3+ 1-0


[Site "https://www.chess.com"]

[Event "Titled Tuesday Blitz April 19 Early 2022"]
[White "Polster, Christian"]
[Black "Kostiukov, Alexandr"]
[WhiteFideId "12965081"]
[BlackFideId "14108100"]
[WhiteElo "2324"]
[BlackElo "2202"]
[Result "0-1"]
[Round "11"]
[TimeControl "180+1"]
[Date "2022.04.19"]
[WhiteClock "0:00:07"]
[BlackClock "0:00:16"]

1. e4 c5 2. Nc3 Nc6 3. Nge2 g6 4. d4 cxd4 5. Nxd4 Bg7 6. Be3 Nf6 7. Bc4 Qa5 8. O-O Qb4 9. Bb3 Nxe4 10. Nxc6 bxc6 11. Nd5 Qd6 12. Bf4 Be5 13. Bxe5 Qxe5 14. Re1 O-O 15. f3 cxd5 16. Bxd5 Qxb2 17. Rxe4 Rb8 18. Rxe7 Qc3 19. Kh1 Qf6 20. Qe1 d6 21. Rd1 Bf5 22. Rxa7 Bxc2 23. Rc1 Rbc8 24. h3 Qd4 25. Bb3 Qxa7 26. Rxc2 Rxc2 27. Bxc2 Qc5 28. Bb3 Qe5 29. Qd2 Re8 30. a4 Qe1+ 31. Qxe1 Rxe1+ 32. Kh2 Ra1 33. Kg3 Kg7 34. Kf4 Kf6 35. g4 Re1 36. h4 h6 37. g5+ hxg5+ 38. hxg5+ Ke7 39. Bd5 Re5 40. Be4 Ra5 41. Bc2 Ke6 42. Bb3+ d5 43. Ke3 Ke5 44. f4+ Kf5 45. Bc2+ Kg4 46. Bb3 Kg3 47. Bc2 Rc5 48. f5 Rxc2 49. fxg6 fxg6 50. Kd4 Rc4+ 51. Kxd5 Rxa4 52. Ke6 Rf4 53. Ke5 Rf5+ 54. Ke6 Rxg5 0-1


[Site "https://www.chess.com"]

[Event "Titled Tuesday Blitz April 19 Early 2022"]
[White "Postnikov, Daniil"]
[Black "Mekhitarian, Krikor Sevag"]
[WhiteFideId "4166329"]
[BlackFideId "2107660"]
[WhiteElo "2583"]
[BlackElo "2719"]
[Result "1-0"]
[Round "11"]
[TimeControl "180+1"]
[Date "2022.04.19"]
[WhiteClock "0:00:07"]
[BlackClock "0:00:02"]

1. d4 Nf6 2. c4 g6 3. Nc3 d5 4. cxd5 Nxd5 5. e4 Nxc3 6. bxc3 Bg7 7. Nf3 c5 8. Rb1 O-O 9. Be2 Qc7 10. O-O b6 11. d5 Bxc3 12. h4 Nd7 13. h5 Bg7 14. h6 Bf6 15. Be3 Bb7 16. a4 Rfe8 17. a5 e6 18. a6 Bc8 19. Bc4 Rb8 20. Qb3 exd5 21. Bxd5 Nf8 22. e5 Bh8 23. Ng5 Ne6 24. Bxe6 Bxe6 25. Nxe6 Rxe6 26. f4 b5 27. Qd5 Rd8 28. Qxc5 Qxc5 29. Bxc5 Rxa6 30. Rfd1 Rc8 31. Rxb5 f6 32. Rd6 Ra1+ 33. Kh2 fxe5 34. Rb7 exf4 35. Rdd7 Be5 36. Rg7+ Kh8 37. Rge7 Bf6 38. Re6 Bb2 39. Rxb2 Ra5 40. Bd4+ Kg8 41. Bg7 Rh5+ 42. Kg1 Rhc5 43. Rbe2 Rc1+ 44. Kh2 R1c2 45. Re8+ Rxe8 46. Rxe8+ Kf7 47. Rf8+ Ke6 48. Rxf4 a5 49. Rf8 Rc5 50. Rh8 Kf7 51. Kg3 g5 52. Ra8 Kg6 53. Ra6+ Kh5 54. Kh3 Rc3+ 55. Bxc3 g4+ 56. Kh2 Kg5 57. Bd2+ Kh4 58. Rxa5 g3+ 59. Kg1 Kg4 60. Rg5+ Kh4 61. Rxg3 Kxg3 62. Bc3 Kg4 63. Bg7 Kh5 64. Kf2 Kg6 65. Kg3 Kf7 66. Kf4 Kg8 67. g4 Kf7 68. Kf5 Kg8 69. g5 Kf7 70. Kg4 Kg6 71. Kf4 Kf7 72. Kf5 Kg8 73. g6 hxg6+ 74. Kg5 Kh7 75. Kf6 Kg8 76. Kg5 Kh7 77. Bb2 Kg8 78. Kxg6 1-0


[Site "https://www.chess.com"]